 Dungeon Crawl Stone Soup version 0.31-a0-963-ga325b2283a (webtiles) character file.

Game seed: 5235348934067616722

740 Maxmaps the Changeling (level 7, -2/43 HPs)
             Began as an Octopode Shapeshifter on Oct 25, 2023.
             Slain by a gnoll
             ... wielding a +0 halberd
              (15 damage)
             ... on level 5 of the Dungeon.
             The game lasted 00:03:24 (3905 turns).

Maxmaps the Changeling (Octopode Shapeshifter)      Turns: 3905, Time: 00:03:24

Health: -2/43      AC:  1    Str: 14    XL:     7   Next: 75%
Magic:  7/7        EV: 11    Int: 14    God:
Gold:   139        SH:  9    Dex: 11    Spells: 6/6 levels left

rFire   . .          .
                       - Unarmed
rCold   . . .        o - +1 kite shield
rNeg    + . .        (helmet currently unavailable)
rPois   .            (no amulet)
rElec   .            j - ring of positive energy
rCorr   .            (no ring)
SInv    .            (no ring)
Will    .....        (no ring)
Stlth   ++           (no ring)
HPRegen 0.27/turn    (no ring)
MPRegen 0.10/turn    (no ring)
                     (no ring)

%: no passive effects
@: beast-form
A: beast (slay +4), almost no armour, amphibious, 8 rings, camouflage 1,
gelatinous body 1, (nimble swimmer 1), tentacles
a: Begin Untransformation


You were on level 5 of the Dungeon.
You were a hulking beast.
You visited 1 branch of the dungeon, and saw 5 of its levels.

You collected 199 gold pieces.
You spent 60 gold pieces at shops.

Inventory:

Armour
 o - a +1 kite shield (worn)
Jewellery
 j - a ring of positive energy (left tentacle)
Talismans
 b - a beast talisman
 c - a flux talisman
Wands
 l - a wand of polymorph (3)
Scrolls
 d - a scroll of amnesia {unknown}
 e - 3 scrolls of teleportation
 h - 2 scrolls of identify
 k - 2 scrolls of immolation
Potions
 a - a potion of lignification
 f - a potion of heal wounds
 g - a potion of curing
 i - a potion of berserk rage


   Skills:
 - Level 1.0 Fighting
 - Level 2.0 Dodging
 + Level 4.4 Shields
 - Level 3.0 Unarmed Combat
 - Level 7.0 Shapeshifting


You had 6 spell levels left.
You didn't know any spells.
Your spell library contained the following spells:

 Spells                   Type           Power      Damage    Failure   Level
 Summon Guardian Golem    Hex/Summ       0%         N/A       95%         3
 Orb of Destruction       Conj           0%         9d5       100%        7
 Spellforged Servitor     Conj/Summ      0%         N/A       100%        7


Dungeon Overview and Level Annotations

Branches:
Dungeon (5/15)
 Temple: D:4-7

Altars:
Ashenzari
Xom

Shops:
D:5 ![

Annotations:
D:5 Pikel


Innate Abilities, Weirdness & Mutations

You are a hulking beast.
Your limbs bulge with bestial killing power. (Slay +4)
You cannot wear most types of armour.
You are amphibious.
You can wear up to eight rings at the same time.
Your skin changes colour to match your surroundings (Stealth+).
Your rubbery body absorbs attacks. (AC +1, EV +1)
((You are camouflaged when in or above water. (Stealth+)))
You have tentacles for arms and can constrict up to eight enemies at once.


Message History

You block the lemure's attack. The gnoll closely misses you.
The lemure hits you.
You bludgeon the lemure!
The lemure is moderately wounded.
You constrict the lemure, but do no damage.
You block the gnoll's attack. The lemure hits you!
* * * LOW HITPOINT WARNING * * *
The gnoll closely misses you.
You feel much better.
You constrict the lemure. The lemure barely misses you.
The gnoll hits you but does no damage.
You bludgeon the lemure!
The lemure is almost dead.
You constrict the lemure, but do no damage.
You block the lemure's attack. You block the gnoll's attack.
You release your grip on the lemure.
The lemure attacks as it pursues you! You block the lemure's attack.
There is an entrance to Isyufeul's Antique Armour Emporium here.
You bludgeon the lemure!
You kill the lemure!
That felt strangely unrewarding.
The gnoll hits you with a +0 whip.
You tentacle-slap the gnoll. Your grab misses the gnoll.
You tentacle-slap the gnoll!
The gnoll is almost dead.
The gnoll hits you with a +0 whip.
You tentacle-slap the gnoll but do no damage.
You grab the gnoll. You squeeze the gnoll.
You kill the gnoll!
You block the gnoll's attack.
You bludgeon the lemure! You grab the lemure. You tentacle-slap the lemure.
The lemure is heavily wounded.
You constrict the lemure, but do no damage.
You block the lemure's attack.
The gnoll hits you from afar with a +0 halberd!
You tentacle-slap the lemure.
The lemure is heavily wounded.
You constrict the lemure, but do no damage.
The lemure completely misses you.
The gnoll hits you from afar with a +0 halberd!
You die...

PP...5.P..##
..P....P... ....Pg...#
#....g..5# #
########g# #
##############.###.# #
#............gK5...#
###.###......###5###.#
.##.##.......###h#
.........###.....#
.##.##...'_#..####
.∩.......###..#
#.#.###......## #.#.#
#......# #.#.#
######## ....# #.###


You could see Pikel, 3 lemures and 2 gnolls.

Vanquished Creatures
  A black bear (D:5)
  A lemure (D:5)
  A gnoll sergeant (D:5)
  A howler monkey (D:4)
  4 crimson imps (D:4)
  2 hounds
  3 iguanas
  An orc wizard (D:4)
  Natasha (thrice) (D:3)
  4 gnolls
  7 adders
  3 worms
  A dart slug (D:3)
  2 orcs (D:4)
  2 bats
  5 endoplasms
  5 giant cockroaches
  10 goblins
  4 hobgoblins
  3 jackals (D:3)
  2 quokkas
  9 ball pythons
  2 frilled lizards (D:1)
  5 kobolds
  3 rats
84 creatures vanquished.

Notes
Turn   | Place    | Note
-------+----------+-------------------------------------------
     0 | D:1      | Maxmaps the Octopode Shapeshifter began the quest for the
                  | Orb.
     0 | D:1      | Reached XP level 1. HP: 13/13 MP: 1/1
   150 | D:1      | Reached XP level 2. HP: 18/18 MP: 2/2
   877 | D:2      | Reached XP level 3. HP: 16/23 MP: 3/3
   924 | D:2      | Identified the +1 spear of Disorder {heavy, Will+ Stlth+}
  1017 | D:2      | Reached skill level 4 in Shapeshifting
  1227 | D:3      | Reached XP level 4. HP: 20/28 MP: 4/4
  1313 | D:3      | Reached skill level 5 in Shapeshifting
  1715 | D:3      | Reached XP level 5. HP: 33/33 MP: 5/5
  2059 | D:3      | Noticed Natasha
  2063 | D:3      | Killed Natasha
  2252 | D:3      | Noticed Natasha
  2263 | D:3      | Killed Natasha
  2432 | D:3      | Noticed Natasha
  2436 | D:3      | Killed Natasha
  2437 | D:3      | Reached skill level 6 in Shapeshifting
  2473 | D:4      | Reached XP level 6. HP: 37/38 MP: 6/6
  3225 | D:4      | Reached skill level 7 in Shapeshifting
  3339 | D:4      | Reached skill level 1 in Shields
  3339 | D:4      | Reached XP level 7. HP: 38/43 MP: 7/7
  3517 | D:4      | Identified the +0 ring mail "Uzuseu" {rPois rF+}
  3673 | D:4      | Found a shimmering altar of Xom.
  3717 | D:5      | Entered Level 5 of the Dungeon
  3726 | D:5      | Found Goakkin's Distillery.
  3857 | D:5      | Bought a potion of berserk rage for 60 gold pieces
  3865 | D:5      | Found a broken altar of Ashenzari.
  3874 | D:5      | Found Isyufeul's Antique Armour Emporium.
  3882 | D:5      | Noticed Pikel
  3905 | D:5      | Slain by a gnoll

Illustrated notes

Levels and vault maps discovered:
D:1:      scummos_arrival_forest, layout_basic
D:2:      layout_rooms
D:3:      layout_basic, uniq_natasha
D:4:      layout_basic, led_xom_imps, kennysheep_path_1
D:5:      layout_loops_ring, mainiacjoe_overflow_chevrons, kennysheep_mini_moat,
          serial_shops, shop, shop, shop, nicolae_shop_behind_doors, shop,
          nicolae_elemental_shop, wad_floor_pattern_1, nicolae_grassy_gnolls,
          uniq_prince_ribbit1, uniq_menkaure, uniq_grinder, uniq_pikel

Skill      XL: |  1  2  3  4  5  6  7 |
---------------+----------------------+-----
Shapeshifting  | 4 5 6 7 |  7.0
Shields        | 1 4 |  4.4
Fighting       | |  1.0
Dodging        | |  2.0
Unarmed Combat | |  3.0

Action                     |  1- 3 |  4- 6 |  7- 9 || total
---------------------------+-------+-------+-------++-------
  Melee: Unarmed           |    59 |   100 |    34 ||   193
         Constrict         |    20 |    26 |    11 ||    57
         Tentacles         |    12 |    24 |    11 ||    47
         Punch             |     1 |     3 |     4 ||     8
    Use: Scroll            |       |     9 |       ||     9
         Potion            |       |       |     1 ||     1
   Stab: Sleeping          |     6 |     5 |       ||    11
 Armour: Skin              |    22 |    33 |    25 ||    80
  Dodge: Dodged            |    26 |    42 |    18 ||    86
  Block: Kite shield       |       |       |    14 ||    14

Table legend: (Time is in decaauts)
 A = Elapsed time spent in this place.
 B = Non-inter-level travel time spent in this place.
 C = Inter-level travel time spent in this place.
 D = Time resting spent in this place.
 E = Time spent auto-exploring this place.
 F = Levels seen in this place.
 G = Mean time per level.
                   A        B        C        D        E       F      G
               +--------+--------+--------+--------+--------+-----+--------+
         Total |   3899 |   3800 |     99 |    493 |   2727 |   5 |  779.8 |
       Dungeon |   3899 |   3800 |     99 |    493 |   2727 |   5 |  779.8 |
               +--------+--------+--------+--------+--------+-----+--------+

Top non-repeatable levels by time:
     D:4: 1256 daAuts
     D:3: 1240 daAuts
     D:1: 762 daAuts
     D:2: 449 daAuts
     D:5: 190 daAuts
